 Dungeon Crawl Stone Soup version 0.28-a0-653-g7e9dba17c3 (webtiles) character file.

Game seed: 13972628627865881638

2158 blank1 the Basher (level 9, -4/82 HPs)
             Began as a Minotaur Fighter on Oct 11, 2021.
             Was a Priest of Okawaru.
             Slain by a two-headed ogre (15 damage)
             ... on level 6 of the Dungeon.
             The game lasted 00:11:16 (6744 turns).

blank1 the Basher (Minotaur Fighter)                Turns: 6744, Time: 00:11:17

Health: -4/82      AC: 12    Str: 23    XL:     9   Next: 10%
Magic:  10/10      EV:  9    Int:  5    God:    Okawaru [***...]
Gold:   195        SH:  5    Dex: 11    Spells: 8/8 levels left

rFire   . . .      SeeInvis .   a - +1 flail
rCold   . . .      Faith    .   c - +0 buckler
rNeg    . . .      Spirit   .   p - +1 chain mail
rPois   .          Reflect  .   (helmet restricted)
rElec   .          Harm     .   (no cloak)
rCorr   +          Rampage  .   o - +0 pair of gloves
Will    +....                   (no boots)
Stlth   ..........              (no amulet)
HPRegen 0.23/turn               r - ring of willpower
MPRegen 0.12/turn               l - ring of resist corrosion

@: no status effects
A: horns 2, retaliatory headbutt
a: Renounce Religion, Heroism


You were on level 6 of the Dungeon.
You worshipped Okawaru.
Okawaru was most pleased with you.
You visited 2 branches of the dungeon, and saw 7 of its levels.

You collected 195 gold pieces.

Inventory:

Hand Weapons
 a - a +1 flail (weapon)
Missiles
 f - a throwing net
 v - 2 javelins (quivered)
Armour
 c - a +0 buckler (worn)
 o - a +0 pair of gloves (worn)
 p - a +1 chain mail (worn)
Jewellery
 l - a ring of resist corrosion (right hand)
 q - a ring of positive energy
 r - a ring of willpower (left hand)
Wands
 t - a wand of paralysis (8)
Scrolls
 b - a scroll of enchant weapon
 e - 8 scrolls of teleportation
 i - 2 scrolls of immolation
Potions
 d - 2 potions of might
 g - 4 potions of lignification {unknown}
 h - a potion of mutation {unknown}
 j - 2 potions of curing
 k - a potion of degeneration {unknown}
 m - 3 potions of flight
 n - 2 potions of ambrosia {unknown}
 s - a potion of resistance {unknown}
 u - a potion of brilliance {unknown}


   Skills:
 + Level 8.9 Fighting
 - Level 9.0 Maces & Flails
 + Level 6.3 Armour
 - Level 3.0 Dodging
 - Level 5.0 Shields
 - Level 3.0 Invocations


You had 8 spell levels left.
You didn't know any spells.
Your spell library contained the following spells:

 Spells                   Type           Power      Damage    Failure   Level
 Sublimation of Blood     Necr           0%         N/A       99%         2
 Wereblood                Tmut           0%         N/A       99%         2
 Gell's Gravitas          Tloc           0%         N/A       100%        3
 Ignite Poison            Fire/Tmut/Pois 0%         N/A       100%        3
 Mephitic Cloud           Conj/Pois/Air  0%         N/A       100%        3
 Teleport Other           Tloc           0%         N/A       100%        3
 Freezing Cloud           Conj/Ice/Air   0%         6-21      100%        5
 Dispersal                Tloc           0%         N/A       100%        6
 Summon Hydra             Summ           Unusable   N/A       N/A         7

Dungeon Overview and Level Annotations

Branches:
Dungeon (6/15)             Temple (1/1) D:4

Altars:
Ashenzari
Cheibriados
Dithmenos
Elyvilon
Fedhas
Gozag
Makhleb
Okawaru
Qazlal
Trog
Vehumet
Xom
Zin
The Shining One


Innate Abilities, Weirdness & Mutations

You have a pair of horns on your head.
You reflexively headbutt those who attack you in melee.


Message History

The javelin pierces through the two-headed ogre but does no damage.
The two-headed ogre is lightly wounded.
Throw: 3 javelins
Press: ? - help, Q - select action, (/) - cycle Shift-Dir - straight line, f/p - two-headed ogre
Aim: a two-headed ogre, wielding two +0 giant clubs (lightly wounded, 75% to hit)
You throw a javelin.
The javelin pierces through the two-headed ogre!
The two-headed ogre is moderately wounded.
You block the two-headed ogre's attack. The two-headed ogre misses you.
You hit the two-headed ogre but do no damage.
The two-headed ogre is moderately wounded.
You hit the two-headed ogre.
The two-headed ogre is moderately wounded.
You block the two-headed ogre's attack.
The two-headed ogre hits you with a +0 giant club!
You closely miss the two-headed ogre.
The two-headed ogre is moderately wounded.
The two-headed ogre hits you with a +0 giant club!
The two-headed ogre closely misses you.
You sock the two-headed ogre!
The two-headed ogre is heavily wounded.
The two-headed ogre hits you with a +0 giant club!
You block the two-headed ogre's attack.
You sock the two-headed ogre!
The two-headed ogre is severely wounded.
You hit the two-headed ogre but do no damage.
The two-headed ogre is severely wounded.
You block the two-headed ogre's attack. The two-headed ogre barely misses you.
You hit the two-headed ogre.
Your headbutt misses the two-headed ogre.
The two-headed ogre is severely wounded.
You block the two-headed ogre's attack.
The two-headed ogre hits you with a +0 giant club!!
* * * LOW HITPOINT WARNING * * *
You hit the two-headed ogre.
The two-headed ogre is severely wounded.
The two-headed ogre hits you with a +0 giant club!
* * * LOW HITPOINT WARNING * * *
The two-headed ogre hits you with a +0 giant club!
You die...

##.# #.......##.#.#.# .. #
##.###
#.#####.##.....###..... #
.#...# #.###
#.####........... ##.#.#
#...# #.......# .... .....#
###.# #######.###.....
....### #.# ###........≈
....'.####.# #..........≈
....#.##...#######.#########.
....#..'......#.@......#
....####....#.#.O#####.#
.<..# #......#..# #####
####.##.... # ###.#.. #
((.... # ##(##.. # #. ... #


You could see a two-headed ogre.

Vanquished Creatures
  A steam dragon (D:6)
  A water moccasin (D:4)
  Duvessa (D:5)
  A hornet zombie (D:5)
  An orc warrior (D:6)
  2 sky beasts
  3 black bears (D:6)
  2 ogres
  A necrophage (D:5)
  A centaur (D:6)
  A phantom (D:4)
  Dowan (D:5)
  A water moccasin skeleton (D:3)
  3 orc priests
  4 hounds
  An iguana (D:5)
  5 orc wizards
  A killer bee zombie (D:6)
  10 gnolls
  3 adders
  A shadow imp (D:6)
  6 worms
  4 dart slugs
  13 orcs
  3 endoplasms
  6 giant cockroaches
  9 goblins
  12 hobgoblins
  12 jackals
  2 quokkas
  5 ball pythons
  5 bats
  3 frilled lizards
  6 kobolds
  6 rats
137 creatures vanquished.

Vanquished Creatures (others)
  An orc wizard (D:5)
1 creature vanquished.

Grand Total: 138 creatures vanquished

Notes
Turn   | Place    | Note
-------+----------+-------------------------------------------
     0 | D:1      | blank1 the Minotaur Fighter began the quest for the Orb.
     0 | D:1      | Reached XP level 1. HP: 19/19 MP: 0/0
   138 | D:1      | Reached XP level 2. HP: 27/27 MP: 1/1
   194 | D:1      | Reached skill level 3 in Maces & Flails
   196 | D:1      | Found a faded altar of an unknown god.
   391 | D:1      | Reached XP level 3. HP: 33/33 MP: 2/2
   391 | D:1      | You fall into a shaft and drop 1 floor!
   505 | D:2      | You fall into a shaft and drop 2 floors!
   560 | D:4      | Reached skill level 4 in Maces & Flails
   637 | D:4      | Noticed an ogre
   653 | D:4      | Killed an ogre
   654 | D:4      | Reached skill level 5 in Fighting
   654 | D:4      | Reached skill level 5 in Maces & Flails
   654 | D:4      | Reached XP level 4. HP: 27/42 MP: 3/3
   654 | D:4      | Reached XP level 5. HP: 30/48 MP: 4/4
   791 | D:4      | Noticed a phantom
   805 | D:4      | Killed a phantom
  1332 | D:3      | Reached XP level 6. HP: 44/57 MP: 5/5
  1611 | D:1      | Reached skill level 6 in Maces & Flails
  2674 | D:3      | Found a glowing silver altar of Zin.
  3408 | D:4      | Reached skill level 1 in Dodging
  3604 | D:4      | Found a staircase to the Ecumenical Temple.
  3613 | Temple   | Entered the Ecumenical Temple
  3658 | Temple   | Became a worshipper of Warmaster Okawaru
  3872 | D:5      | Entered Level 5 of the Dungeon
  3878 | D:5      | Noticed Duvessa
  4060 | D:5      | Reached XP level 7. HP: 64/64 MP: 6/6
  4159 | D:5      | Noticed Dowan
  4449 | D:5      | Killed Duvessa
  4450 | D:5      | Reached skill level 7 in Maces & Flails
  4450 | D:5      | Reached skill level 5 in Armour
  4540 | D:5      | Killed Dowan
  4813 | D:5      | Reached * piety under Okawaru
  4819 | D:5      | Reached skill level 5 in Shields
  4834 | D:5      | Reached XP level 8. HP: 44/73 MP: 7/7
  4836 | D:5      | Reached skill level 1 in Invocations
  5344 | D:5      | Reached ** piety under Okawaru
  5419 | D:5      | Reached skill level 8 in Maces & Flails
  5743 | D:6      | Found a bloodstained altar of Trog.
  6185 | D:6      | HP: 3/75 [steam dragon/ball of steam (29)]
  6537 | D:6      | Reached *** piety under Okawaru
  6543 | D:6      | Reached XP level 9. HP: 82/82 MP: 10/10
  6557 | D:6      | Reached skill level 9 in Maces & Flails
  6732 | D:6      | Noticed a two-headed ogre
  6744 | D:6      | Slain by a two-headed ogre

Illustrated notes

Levels and vault maps discovered:
D:1:      matt_arrival_los_fun, layout_basic,
          dreamdust_ecumenical_altar_angels_and_demons, minmay_tiny_reverse_x
D:2:      layout_loops_ring, moated_statue
D:3:      minmay_general_purpose_star, layout_loops_ring, lemuel_crystal_altar
D:4:      layout_basic, minmay_temple_entry_poolview, kennysheep_generic_room_14
D:5:      layout_basic, serial_glass, glass_columns_c, glass_columns_b,
          due_unseen_surprise, minmay_strange_pillars, uniq_duvessa
D:6:      layout_basic, nicolae_uskayaw_suspiria, trog_ov_bears_minmay
Temple:   nicolae_temple_hex_pool

Skill      XL: |  1  2  3  4  5  6  7  8  9 |
---------------+----------------------------+-----
Fighting       | 4 5 6 7 8 |  8.9
Armour         | 4 5 6 |  6.3
Maces & Flails | 3 5 6 7 8 9 |  9.0
Shields        | 4 5 |  5.0
Dodging        | 2 3 |  3.0
Invocations    | 3 |  3.0

Action                   |  1- 3 |  4- 6 |  7- 9 || total
-------------------------+-------+-------+-------++-------
Melee: Flail             |    54 |   168 |   174 ||   396
       Headbutt          |     8 |    23 |    28 ||    59
Throw: Javelin           |       |       |    10 ||    10
  Use: Scroll            |       |    10 |     1 ||    11
       Potion            |       |       |     1 ||     1
Armor: Scale mail        |    26 |    50 |       ||    76
       Chain mail        |       |     9 |    91 ||   100
Dodge: Dodged            |    28 |    74 |    74 ||   176
Block: Buckler           |    13 |    45 |    40 ||    98

Table legend: (Time is in decaauts)
 A = Elapsed time spent in this place.
 B = Non-inter-level travel time spent in this place.
 C = Inter-level travel time spent in this place.
 D = Time resting spent in this place.
 E = Time spent auto-exploring this place.
 F = Levels seen in this place.
 G = Mean time per level.
                   A        B        C        D        E       F      G
               +--------+--------+--------+--------+--------+-----+--------+
         Total |   6789 |   6604 |    185 |   1844 |   3615 |   7 |  969.9 |
       Dungeon |   6721 |   6545 |    176 |   1844 |   3585 |   6 | 1120.2 |
        Temple |     67 |     58 |      9 |      0 |     30 |   1 |   67.0 |
               +--------+--------+--------+--------+--------+-----+--------+

Top non-repeatable levels by time:
     D:4: 2288 daAuts
     D:6: 1059 daAuts
     D:3: 930 daAuts
     D:5: 880 daAuts
     D:1: 834 daAuts
     D:2: 728 daAuts
  Temple: 67 daAuts
